 Dungeon Crawl Stone Soup version 0.23.2-1-ga50397a (webtiles) character file.

Game seed: 1108062617302934033

2600 eccles the Slasher (level 9, -7/103 HPs)
             Began as a Demonspawn Abyssal Knight on Apr 26, 2019.
             Was a Priest of Lugonu.
             Killed from afar by Psyche (10 damage)
             ... with a puff of frost
             ... on level 8 of the Dungeon on Apr 29, 2019.
             The game lasted 00:54:16 (8475 turns).

eccles the Slasher (Demonspawn Abyssal Knight)      Turns: 8475, Time: 00:54:16

Health: -7/103     AC: 24    Str: 15    XL:     9   Next: 33%
Magic:  14/14      EV:  2    Int: 15    God:    Lugonu [***...]
Gold:   260        SH:  4    Dex: 12    Spells: 15/15 levels left

rFire    . . .     SeeInvis .   a - +3 falchion
rCold    . . .     Gourm    .   u - +0 buckler
rNeg     + + +     Faith    .   (armour currently unavailable)
rPois    +         Spirit   .   (helmet currently unavailable)
rElec    .         Reflect  .   (cloak currently unavailable)
rCorr    +         Harm     .   (gloves currently unavailable)
MR       .....     NoTele   +   (boots currently unavailable)
Stlth    +.........             j - amulet of rage
HPRegen  0.27/turn              h - +5 ring of evasion
MPRegen  0.14/turn              e - ring of resist corrosion

@: lethally poisoned (-7 -> -13), tree-form, berserk cooldown, very slightly
contaminated, slowed, drained, very slow
A: demonic guardian 1
a: Depart the Abyss, Bend Space, Banish, Renounce Religion, Evoke Berserk Rage


You were on level 8 of the Dungeon.
You worshipped Lugonu.
Lugonu was most pleased with you.
You were near starving.
You were a tree.
You visited 1 branch of the dungeon, and saw 8 of its levels.
You visited the Abyss 1 time.

You collected 260 gold pieces.

Inventory:

Hand Weapons
 a - a +3 falchion (weapon)
 b - a +1 fustibalus of freezing
 f - a +2 quarterstaff of crushing
 w - a +0 club
Missiles
 A - 8 tomahawks (quivered)
Armour
 d - a +0 helmet (melded)
 k - a +0 scale mail
 p - a +0 cloak (melded)
 q - a +0 leather armour
 t - a +0 chain mail
 u - a +0 buckler (worn)
 y - a +0 plate armour (melded)
Jewellery
 e - a ring of resist corrosion (right branch)
 h - a +5 ring of evasion (left branch)
 j - an amulet of rage (around neck)
Scrolls
 g - 4 scrolls of teleportation
 i - 3 scrolls of fear
 r - 2 scrolls of immolation
 x - a scroll of remove curse
 z - a scroll of summoning
 B - a scroll of magic mapping {unknown}
Potions
 m - a potion of invisibility {unknown}
 n - a potion of mutation {unknown}
 o - 5 potions of flight
 s - 2 potions of agility
 v - a potion of ambrosia {unknown}
Comestibles
 c - 9 rations


   Skills:
 * Level 5.7(4.8) Fighting
 * Level 7.5(6.6) Long Blades
 + Level 4.0(3.2) Armour
 + Level 1.8(1.1) Dodging
 + Level 1.6(0.9) Stealth
 + Level 2.1(1.4) Shields
 - Level 3.7(2.9) Spellcasting
 * Level 6.4(5.6) Invocations
 + Level 0.6(0.0) Evocations


You had 15 spell levels left.
You didn't know any spells.
Your spell library was empty.

Dungeon Overview and Level Annotations

Branches:
Dungeon (8/15)             Temple (0/1) D:6
   Lair: D:8-11

Altars:
Ashenzari
Dithmenos
Elyvilon
Fedhas
Gozag
Nemelex Xobeh
Sif Muna
Uskayaw
Vehumet
Wu Jian
Yredelemnul
Zin
The Shining One

Shops:
D:6 (

Annotations:
D:7 Centaur Fort
D:8 Maurice, Psyche


Innate Abilities, Weirdness & Mutations

((You have hoof-like feet.))
A weak demonic guardian rushes to your aid.
((When seriously injured, your bleeding wounds create thick armour. (AC +0)))


Message History

The puff of frost hits you but does no damage.
You swap places.
* * * LOW HITPOINT WARNING * * *
You feel sick.
Psyche is no longer moving quickly.
Psyche mumbles some strange words.
Psyche seems to speed up.
Psyche misses your quasit.
Your quasit barely misses Psyche.
Your quasit closely misses Psyche.
Your quasit claws Psyche but does no damage.
Psyche hits your quasit but does no damage.
Your quasit blinks!
It was a potion of lignification.
You turn into a tree.
Your +0 cloak melds into your body.
Your +0 helmet melds into your body.
Your +0 plate armour melds into your body.
Your roots penetrate the ground.
Your blood armour dries and flakes away.
* * * LOW HITPOINT WARNING * * *
You feel sick. Psyche hits you but does no damage.
Psyche points at you and mumbles some strange words.
The puff of frost hits you!
You die...

.. .... ..# .# ...
#. #.# #.# #. #.#
#.# #.
##.########.##
##.##....5.♣@....#
##...#..########..##
#.......# ###.#
##...#).###### #.#
#.....)).>...## #.#
#....#..###...## #.#
#.#.##..##.....###.#
# #. #..#.......##)#
# #............)####


You could see Psyche and a friendly quasit.

Vanquished Creatures
  Prince Ribbit (D:7)
  A water moccasin (D:6)
  A sky beast (D:5)
  A hornet zombie (D:7)
  A slave (D:8)
  3 orc warriors
  3 phantoms
  2 necrophages
  3 ogres
  A centaur (D:5)
  A wyvern skeleton (D:6)
  A scorpion (D:6)
  4 wights (D:8)
  2 howler monkeys
  A crimson imp (D:5)
  A bullfrog zombie (D:7)
  3 hounds
  3 orc priests
  2 jellies (D:6)
  9 orc wizards
  2 worker ants
  3 iguanas
  2 worker ant zombies
  6 adders
  A shadow imp (D:5)
  A white imp (D:5)
  An adder skeleton (D:5)
  3 worms
  4 dart slugs
  A leopard gecko (D:2)
  20 orcs
  A ball python (D:2)
  8 bats
  2 giant cockroaches
  5 goblins
  5 hobgoblins
  11 jackals
  6 kobolds
  3 quokkas
  A ball python zombie (D:6)
  4 frilled lizards
  A goblin skeleton (D:5)
  3 goblin zombies (D:5)
  2 hobgoblin zombies (D:5)
  A kobold skeleton (D:5)
  A leopard gecko skeleton (D:5)
  3 orc zombies (D:5)
  2 quokka skeletons
  6 rats
153 creatures vanquished.

Vanquished Creatures (collateral kills)
  A centaur (D:6)
  A jelly (D:5)
  A worm (D:5)
  3 orcs (D:6)
  A hobgoblin zombie (D:5)
7 creatures vanquished.

Grand Total: 160 creatures vanquished

Notes
Turn   | Place    | Note
-------+----------+-------------------------------------------
     0 | Abyss:1  | eccles the Demonspawn Abyssal Knight began the quest for
                  | the Orb.
     0 | Abyss:1  | Reached XP level 1. HP: 18/18 MP: 2/2
     0 | Abyss:1  | Found a corrupted altar of Lugonu.
    53 | Abyss:1  | Noticed a neqoxec
    54 | D:1      | Escaped the Abyss
   241 | D:1      | Found a sparkling altar of Nemelex Xobeh.
   279 | D:1      | Reached * piety under Lugonu
   282 | D:1      | Gained mutation: When seriously injured, your bleeding
                  | wounds create armour. (AC +0) [demonic ancestry]
   282 | D:1      | Reached XP level 2. HP: 24/24 MP: 3/3
   657 | D:2      | Reached skill level 2 in Long Blades
   792 | D:2      | Gained mutation: You have large cloven feet. [demonic
                  | ancestry]
   792 | D:2      | Reached XP level 3. HP: 24/30 MP: 5/5
   916 | D:2      | Reached skill level 1 in Dodging
  1021 | D:2      | Reached ** piety under Lugonu
  1318 | D:3      | Reached XP level 4. HP: 37/37 MP: 6/6
  1656 | D:3      | Gained mutation: You have hoof-like feet. [demonic
                  | ancestry]
  1656 | D:3      | Reached XP level 5. HP: 42/42 MP: 7/7
  1836 | D:3      | Reached skill level 3 in Long Blades
  2459 | D:4      | Reached skill level 1 in Spellcasting
  2524 | D:4      | Found an opulent altar of Gozag.
  2617 | D:4      | Reached *** piety under Lugonu
  2641 | D:4      | Gained mutation: A weak demonic guardian rushes to your
                  | aid. [demonic ancestry]
  2641 | D:4      | Reached XP level 6. HP: 24/49 MP: 8/8
  3409 | D:5      | Entered Level 5 of the Dungeon
  3415 | D:5      | Reached skill level 4 in Long Blades
  3445 | D:5      | Found a radiant altar of Vehumet.
  3447 | D:5      | Found a sparkling altar of Nemelex Xobeh.
  3448 | D:5      | Found a blossoming altar of Fedhas.
  3449 | D:5      | Found a shattered altar of Ashenzari.
  3449 | D:5      | Found an ornate altar of the Wu Jian Council.
  3449 | D:5      | Found an opulent altar of Gozag.
  3449 | D:5      | Found a white marble altar of Elyvilon.
  3449 | D:5      | Found a glowing silver altar of Zin.
  3450 | D:5      | Found a basalt altar of Yredelemnul.
  3453 | D:5      | Found a shadowy altar of Dithmenos.
  3455 | D:5      | Found a deep blue altar of Sif Muna.
  3456 | D:5      | Found a hide-covered altar of Uskayaw.
  3491 | D:5      | Found a glowing golden altar of the Shining One.
  3501 | D:5      | Reached XP level 7. HP: 51/55 MP: 10/10
  3772 | D:4      | HP: 2/55 [something (2)]
  3960 | D:5      | Reached skill level 1 in Shields
  4145 | D:5      | Reached **** piety under Lugonu
  4345 | D:5      | Reached skill level 5 in Long Blades
  4921 | D:6      | Gained mutation: When seriously injured, your bleeding
                  | wounds create thick armour. (AC +0) [demonic ancestry]
  4921 | D:6      | Reached XP level 8. HP: 39/61 MP: 12/12
  5272 | D:6      | Reached skill level 5 in Fighting
  5275 | D:6      | Reached skill level 5 in Invocations
  5299 | D:6      | Reached skill level 6 in Long Blades
  5502 | D:6      | Found a blossoming altar of Fedhas.
  5595 | D:6      | Found Waahy's Weapon Shop.
  6319 | D:6      | Found a staircase to the Ecumenical Temple.
  6659 | D:7      | Noticed Prince Ribbit
  6669 | D:7      | Killed Prince Ribbit
  6669 | D:7      | Reached skill level 7 in Long Blades
  6669 | D:7      | Reached XP level 9. HP: 27/68 MP: 14/14
  7571 | D:7      | Identified a scroll of acquirement
  8035 | D:8      | Noticed Maurice
  8044 | D:8      | Reached skill level 1 in Stealth
  8419 | D:8      | Noticed Psyche
  8469 | D:8      | Paralysed by Psyche for 4 turns
  8474 | D:8      | HP: 3/69 [poisoned by Psyche]
  8475 | D:8      | Killed from afar by Psyche

Skill      XL: |  1  2  3  4  5  6  7  8  9 |
---------------+----------------------------+-----
Long Blades    | 2 3 4 5 7 |  7.5
Armour         | 2 3 4 |  4.0
Dodging        | 1 |  1.8
Fighting       | 4 5 |  5.7
Invocations    | 3 4 5 6 |  6.4
Spellcasting   | 1 2 3 |  3.7
Shields        | 1 2 |  2.1
Stealth        | 1 |  1.6
Evocations     | |  0.6

Action                   |  1- 3 |  4- 6 |  7- 9 || total
-------------------------+-------+-------+-------++-------
Melee: Falchion          |   100 |   151 |   364 ||   615
       Kick              |    15 |    40 |    95 ||   150
Invok: Depart the Abyss  |     1 |       |       ||     1
       Bend Space        |       |       |     2 ||     2
 Abil: Evoke Berserk Rag |       |       |     2 ||     2
Evoke: Wand              |       |     5 |     3 ||     8
  Use: Scroll            |       |     8 |     5 ||    13
       Potion            |       |       |     8 ||     8
 Stab: Distracted        |       |       |     2 ||     2
  Eat: Chunk             |     1 |     4 |     6 ||    11
       Ration            |       |     1 |     3 ||     4
Armor: Leather armour    |     4 |       |       ||     4
       Scale mail        |    52 |     1 |       ||    53
       Chain mail        |       |    74 |    85 ||   159
       Plate armour      |       |       |    92 ||    92
Dodge: Dodged            |    63 |    49 |   150 ||   262
Block: Buckler           |       |    10 |    54 ||    64
       Rpst.: Falchion   |    20 |    11 |    37 ||    68
